AoeStats
← temppu

Migration

508315277Analyzed
1v1 RM · 11d ago on Sep 21, 2026· 22m 52s· 2 players
Game mode
Random Map
Map size
132×132
Population
200
Speed
Normal
Resources
Standard
Victory
Conquest
Starting age
Dark Age
Ending age
Imperial Age
RankedLock teamsTeams togetherTeam positionsShared explorationLock speedFull tech treeHidden civsTurbo modeCheats
Victory
Defeat
🇦🇷 Saracens · Argentina
728
+15
🇫🇮 Spanish · Finland
708
-15
temppu
5:08 Loom
11:38 Feudal Age
14:34 Double-Bit Axe
14:31 Horse Collar
20:17 Town Watch
BequitoS
14:08 Loom
17:07 Feudal Age
18:50 Double-Bit Axe
18:49 Fishing Lines
21:45 Castle Age
Connection lost

Rejoining the realm…

Still unreachable

The connection could not be restored.

Session expired

The server has moved on; the page needs a fresh start.